 Dungeon Crawl Stone Soup version 0.31-a0-1447-g87ca8d402b (webtiles) character file.

Game seed: 2493448597443262998

13400 Rennog the Grappler (level 11, -9/113 HPs)
             Began as a Troll Monk on Dec 27, 2023.
             Was an Elder of Makhleb.
             Mangled by a sixfirhy (10 damage)
             ... in a Gauntlet.
             The game lasted 00:18:08 (8428 turns).

Rennog the Grappler (Troll Monk)                    Turns: 8428, Time: 00:18:09

Health: -9/113     AC:  7    Str: 23    XL:     11   Next: 75%
Magic:  10/10      EV:  9    Int:  6    God:    Makhleb [****..]
Gold:   720        SH: 12    Dex: 14    Spells: 10/10 levels left

rFire   . .          .
                       - Unarmed
rCold   . . .        C - +2 kite shield
rNeg    . . .        I - +0 steam dragon scales
rPois   .            (helmet restricted)
rElec   .            (no cloak)
rCorr   +            (gloves unavailable)
SInv    .            (boots unavailable)
Will    .....        (no amulet)
Stlth   +            q - ring of resist corrosion
HPRegen 1.18/turn    N - +4 ring of slaying
MPRegen 0.12/turn

%: no teleportation
@: no status effects
A: large, unfitting armour, claws 3, regeneration 1, shaggy fur 1, tough skin 1
a: Renounce Religion, Minor Destruction, Lesser Servant of Makhleb, Major
Destruction


You were in a Gauntlet.
You worshipped Makhleb.
Makhleb was greatly pleased with you.
You visited 3 branches of the dungeon, and saw 12 of its levels.
You also visited: Gauntlet.

You collected 720 gold pieces.

Inventory:

Missiles
 F - 2 throwing nets
Armour
 a - a +0 robe
 c - an orb of light
 C - a +2 kite shield (worn)
 I - +0 steam dragon scales (worn)
Jewellery
 h - an amulet of faith
 q - a ring of resist corrosion (left claw)
 B - a +6 ring of intelligence
 J - a ring of fire
 N - a +4 ring of slaying (right claw)
Wands
 w - a wand of charming (12)
 E - a wand of flame (1)
 K - a wand of mindburst (3)
 L - a wand of polymorph (3)
Scrolls
 d - 2 scrolls of immolation {unknown}
 f - 3 scrolls of fear {unknown}
 i - 2 scrolls of identify {unknown}
 j - 2 scrolls of revelation {unknown}
 l - 3 scrolls of amnesia {unknown}
 n - 3 scrolls of noise {unknown}
 p - 3 scrolls of enchant weapon {unknown}
 r - 3 scrolls of fog
 s - 2 scrolls of vulnerability {unknown}
 t - 2 scrolls of blinking {unknown}
 v - 3 scrolls of summoning {unknown}
 y - 2 scrolls of brand weapon {unknown}
 A - a scroll of teleportation {unknown}
 D - a scroll of enchant armour {unknown}
 H - a scroll of poison {unknown}
 O - a scroll of acquirement {unknown}
Potions
 b - a potion of ambrosia
 e - a potion of magic {unknown}
 g - a potion of curing
 k - a potion of cancellation {unknown}
 m - 3 potions of lignification {unknown}
 o - 2 potions of degeneration {unknown}
 u - 2 potions of resistance {unknown}
 x - 3 potions of mutation {unknown}
 z - a potion of haste {unknown}
 G - a potion of heal wounds {unknown}
Miscellaneous
 M - a phial of floods


   Skills:
 + Level 8.9 Fighting
 + Level 3.0 Armour
 - Level 2.4 Dodging
 * Level 6.2 Shields
 * Level 14.3 Unarmed Combat


You had 10 spell levels left.
You didn't know any spells.
Your spell library contained the following spells:

 Spells                   Type           Power      Damage    Failure   Level
 Ensorcelled Hibernation  Hex/Ice        0%         N/A       83%         2
 Fugue of the Fallen      Necr           0%         N/A       96%         3
 Passwall                 Erth           0%         N/A       96%         3
 Swiftness                Air            0%         N/A       96%         3
 Anguish                  Hex/Necr       0%         N/A       100%        4
 Brom's Barrelling Bould  Conj/Erth      0%         2d3       100%        4
 Fireball                 Conj/Fire      0%         3d3       100%        5
 Iskenderun's Battlesphe  Conj           0%         2d6       100%        5
 Conjure Ball Lightning   Conj/Air       0%         3x3d6     100%        6
 Orb of Destruction       Conj           0%         9d5       100%        7


Dungeon Overview and Level Annotations

Branches:
Dungeon (10/15)            Temple (1/1) D:6            Lair (1/5) D:10
    Orc (0/2) D:9         Gauntlet (1/1)

Altars:
Ashenzari
Cheibriados
Dithmenos
Elyvilon
Fedhas
Gozag
Hepliaklqana
Kikubaaqudgha
Makhleb
Nemelex Xobeh
Okawaru
Qazlal
Ru
Sif Muna
Trog
Uskayaw
Vehumet
Wu Jian
Xom
Zin
The Shining One
Lugonu

Shops:
D:5 [   D:9 :   D:10 (

Annotations:
D:5 3 runed translucent doors, bungle's ghost, weakling GnDe Gauntlet 11 transporters


Innate Abilities, Weirdness & Mutations

You are too large for most types of armour.
You have claws for hands.
Your natural rate of healing is unusually fast.
You are covered in fur. (AC +1)
You have tough skin. (AC +1)


Message History

You block the sixfirhy's attack.
The ufetubus hits you but does no damage.
You block the ufetubus's attack.
You closely miss the sixfirhy.
The sixfirhy is heavily wounded.
You block the sixfirhy's attack. The sixfirhy completely misses you.
You block the sixfirhy's attack. The ufetubus closely misses you.
The ufetubus barely misses you. The sixfirhy hits you. The sixfirhy shocks you!
You claw the sixfirhy!
The sixfirhy is severely wounded.
The sixfirhy hits you! The sixfirhy shocks you!
The ufetubus closely misses you. The ufetubus barely misses you.
The ufetubus hits you but does no damage. x2
You miss the sixfirhy.
The sixfirhy is severely wounded.
You block the ufetubus's attack.
The ufetubus hits you but does no damage.
You claw the sixfirhy!
The sixfirhy is almost dead.
The ufetubus slips past you! You block the ufetubus's attack.
The ufetubus barely misses you.
You closely miss the sixfirhy.
The sixfirhy is almost dead.
The sixfirhy hits you. The sixfirhy shocks you!
* * * LOW HITPOINT WARNING * * *
The sixfirhy barely misses you.
The ufetubus hits you but does no damage. x2
You block the ufetubus's attack. The ufetubus closely misses you.
You block the ufetubus's attack. x2
The sixfirhy hits you but does no damage.
You barely miss the sixfirhy.
The sixfirhy is severely wounded.
The sixfirhy hits you!
* * * LOW HITPOINT WARNING * * *
The sixfirhy shocks you!
* * * LOW HITPOINT WARNING * * *
The sixfirhy hits you!
* * * LOW HITPOINT WARNING * * *
The sixfirhy shocks you!
You die...

#################################
..§§§§§§..§∩≈....................
..§§§§.§..........§..............
##########...###########...######
#.....BZ##...#....#....#.8.#wY...
.#.....#Z#.∩.#...#.#...#...#YY.##
..#...#.B#...#..#.©.#..#####Y...#
...#©#...#...#.#35#..#.#...#.#..#
....#....#...##.@#P#..##©.©#.####
...#.#...#...#.5#...#..#...#.#.©#
Z.#...#..#...#.#..#..#.#####....#
B#.....#.#...##..#.#..##...#...##
#B??©(=.##...#..#.©.#.?#.8.#www..
##########...###########...######
..#.©.#....≈.............§....#.©
8.#...#...≈8≈...........§8§...#..
..#.©.#....≈...........§§§....#.©


You could see a sixfirhy and 2 ufetubi.

Vanquished Creatures
  A centaur warrior (D:10)
  Joseph (D:8)
  A black mamba (Lair:1)
  4 cane toads (Lair:1)
  2 komodo dragons (Lair:1)
  A troll (D:10)
  A hornet (D:8)
  Prince Ribbit (D:5)
  2 shadows (D:10)
  2 wyverns
  31 yaks
  A vampire (D:10)
  5 humans (D:9)
  2 steam dragons
  6 water moccasins
  4 ice beasts
  An ogre (D:7)
  2 centaurs
  2 kobold brigands
  5 bullfrogs
  2 gnoll sergeants
  11 wights
  An electric eel (D:10)
  4 howler monkeys
  5 bombardier beetles
  2 hounds
  A gnoll bouda (D:9)
  5 orc priests
  A sleepcap (D:5)
  Jessica (D:2)
  3 iguanas
  10 orc wizards
  7 adders
  16 gnolls
  A shadow imp (D:5)
  3 white imps
  2 worms
  4 dart slugs
  43 orcs
  5 ball pythons
  9 endoplasms
  4 giant cockroaches
  3 goblins
  10 hobgoblins
  18 jackals
  4 quokkas
  8 bats
  2 frilled lizards
  14 kobolds
  5 rats
279 creatures vanquished.

Notes
Turn   | Place    | Note
-------+----------+-------------------------------------------
     0 | D:1      | Rennog the Troll Monk began the quest for the Orb.
     0 | D:1      | Reached XP level 1. HP: 22/22 MP: 0/0
    83 | D:1      | Reached XP level 2. HP: 29/29 MP: 1/1
   367 | D:1      | Reached XP level 3. HP: 36/36 MP: 2/2
   650 | D:2      | Found a shimmering blue altar of Sif Muna.
   657 | D:2      | Reached skill level 4 in Unarmed Combat
   878 | D:2      | Reached XP level 4. HP: 45/45 MP: 3/3
  1109 | D:2      | Noticed Jessica
  1111 | D:2      | Killed Jessica
  1394 | D:3      | Identified the +1 robe of the Big Bang {rF+ Int+3}
  1530 | D:3      | Found a sacrificial altar of Ru.
  1629 | D:3      | Reached skill level 5 in Unarmed Combat
  1629 | D:3      | Reached XP level 5. HP: 27/53 MP: 4/4
  1830 | D:3      | Found a hazy altar of Hepliaklqana.
  1866 | D:3      | Found a glowing golden altar of the Shining One.
  2019 | D:4      | Reached XP level 6. HP: 44/62 MP: 5/5
  2060 | D:4      | Found a shadowy altar of Dithmenos.
  2387 | D:5      | Entered Level 5 of the Dungeon
  2449 | D:5      | Reached skill level 6 in Unarmed Combat
  2513 | D:5      | Noticed an ice beast
  2513 | D:5      | Noticed bungle's ghost (weakling GnDe)
  2514 | D:5      | Noticed an ice beast
  2663 | D:5      | Noticed Prince Ribbit
  2680 | D:5      | HP: 3/62 [Prince Ribbit (18)]
  2681 | D:5      | Killed Prince Ribbit
  2682 | D:5      | Reached XP level 7. HP: 5/71 MP: 6/6
  2764 | D:5      | Reached skill level 7 in Unarmed Combat
  2792 | D:5      | Found Xijeusik's Antique Armour Shoppe.
  2846 | D:5      | Found a stormy altar of Qazlal.
  3241 | D:5      | Found an iron altar of Okawaru.
  3259 | D:5      | Found a runed translucent gate.
  3260 | D:5      | Found a runed translucent gate.
  3260 | D:5      | Found a runed translucent gate.
  3298 | D:5      | Reached skill level 5 in Fighting
  3298 | D:5      | Reached skill level 8 in Unarmed Combat
  3298 | D:5      | Reached XP level 8. HP: 80/80 MP: 7/7
  3817 | D:6      | Reached skill level 9 in Unarmed Combat
  4069 | D:6      | Found a staircase to the Ecumenical Temple.
  4087 | Temple   | Entered the Ecumenical Temple
  4125 | Temple   | Became a worshipper of Makhleb the Destroyer
  4125 | Temple   | Reached * piety under Makhleb
  4125 | Temple   | Reached ** piety under Makhleb
  4215 | D:6      | Reached skill level 10 in Unarmed Combat
  4483 | D:7      | Reached XP level 9. HP: 89/89 MP: 8/8
  4543 | D:7      | Found a sparkling altar of Nemelex Xobeh.
  4748 | D:7      | Found an opulent altar of Gozag.
  4816 | D:7      | Found a hide-covered altar of Uskayaw.
  4977 | D:7      | Found a shimmering blue altar of Sif Muna.
  5131 | D:8      | Reached skill level 11 in Unarmed Combat
  5177 | D:8      | Identified the +8 war axe of Vyha {heavy, rN+ rCorr SInv}
  5260 | D:8      | Reached skill level 12 in Unarmed Combat
  5264 | D:8      | Reached XP level 10. HP: 89/102 MP: 9/9
  5291 | D:8      | Noticed Joseph
  5306 | D:8      | Killed Joseph
  5347 | D:8      | Reached *** piety under Makhleb
  5792 | D:8      | Found a snail-covered altar of Cheibriados.
  5829 | D:8      | Found a blossoming altar of Fedhas.
  6150 | D:9      | Found a staircase to the Orcish Mines.
  6196 | D:9      | Reached skill level 1 in Shields
  6218 | D:8      | Reached skill level 13 in Unarmed Combat
  6398 | D:9      | Reached **** piety under Makhleb
  6450 | D:9      | Found a bloodstained altar of Trog.
  6483 | D:9      | Found a radiant altar of Vehumet.
  6544 | D:9      | Found Wenleod's Book Shop.
  6840 | D:10     | Entered Level 10 of the Dungeon
  6879 | D:10     | Found a staircase to the Lair.
  7079 | D:10     | Noticed a centaur warrior
  7097 | D:10     | Killed a centaur warrior
  7098 | D:10     | Reached skill level 1 in Armour
  7098 | D:10     | Reached XP level 11. HP: 81/113 MP: 10/10
  7143 | D:10     | Found a broken altar of Ashenzari.
  7181 | D:10     | Found Revuhar's Weapon Shop.
  7533 | D:10     | Noticed a two-headed ogre
  7602 | Lair:1   | Entered Level 1 of the Lair of Beasts
  7683 | Lair:1   | Reached skill level 5 in Shields
  7741 | Lair:1   | Reached skill level 14 in Unarmed Combat
  7866 | Lair:1   | Found a gate leading to a gauntlet.
  7896 | Lair:1   | HP: 4/113 [cane toad (12)]
  7903 | Gauntlet | Entered a Gauntlet
  7903 | Gauntlet | Found a transporter.
  7903 | Gauntlet | Found a transporter.
  7906 | Gauntlet | Noticed a sixfirhy
  7907 | Gauntlet | Noticed a death scarab
  7910 | Gauntlet | Noticed a death scarab
  7999 | Gauntlet | Found a transporter.
  8003 | Gauntlet | Found a transporter.
  8009 | Gauntlet | Noticed a cyan ugly thing
  8011 | Gauntlet | Noticed a brown ugly thing
  8011 | Gauntlet | Noticed a great orb of eyes
  8013 | Gauntlet | Found a transporter.
  8034 | Gauntlet | Found a transporter.
  8043 | Gauntlet | Found a transporter.
  8053 | Gauntlet | Found a transporter.
  8054 | Gauntlet | Found a transporter.
  8058 | Gauntlet | Found a transporter.
  8098 | Gauntlet | Found a transporter.
  8129 | Gauntlet | Found a transporter.
  8428 | Gauntlet | HP: 1/113 [sixfirhy (12)]
  8428 | Gauntlet | Mangled by a sixfirhy

Illustrated notes

Levels and vault maps discovered:
D:1:      tarquinn_simple_flora_water_b, layout_loops_ring, amethyst_killhole,
          minivault_14, nrook_campfire
D:2:      layout_basic, basic_altar, uniq_jessica
D:3:      minmay_evil_eye, layout_basic, amcnicky_altar_gilded, tso_altar,
          nzn_hepliaklqana_mist_gate
D:4:      layout_rooms, grunt_dithmenos_smoke
D:5:      layout_layer_cave, mainiacjoe_overflow_chevrons, kennysheep_mini_moat,
          serial_shops, shop, gammafunk_ghost_icy, nicolae_the_louvre,
          uniq_prince_ribbit1
D:6:      layout_rooms, minmay_temple_entry_waves
D:7:      layout_cave_pools, mainiacjoe_overflow_brackets,
          overflow_temple_1_default, mainiacjoe_overflow_surrounded_room,
          nicolae_gozag_seed_capital, hangedman_decor_lopped
D:8:      layout_basic, fedhas_altar_decomposition, cheibriados_altar_1,
          kennysheep_generic_room_3, uniq_joseph
D:9:      layout_rooms, vehumet_altar_wand_db, mainiacjoe_overflow_boulevard,
          orc_0_dummy, serial_shops, shop, minmay_ruffians
D:10:     regret_index_dithmenos_penumbral_divide, layout_basic,
          lemuel_tele_altar, general_overflow_altar, serial_shops,
          nicolae_lakefront_shop, shop, shop
Temple:   corrupted_temple
Lair:1:   layout_hall_layers, gauntlet_entry_generic, infiniplex_staircase_pool
Gauntlet: gammafunk_gauntlet_shortcut [nicolae_gauntlet_arena_x,
          gammafunk_gauntlet_arena_split_diamond,
          gammafunk_gauntlet_arena_arrow_garden, nicolae_gauntlet_arena_t_cross,
          gammafunk_gauntlet_arena_split_x, gammafunk_gauntlet_arena_crates,
          gauntlet_exit_green]

Skill      XL: |  1  2  3  4  5  6  7  8  9 10 11 |
---------------+----------------------------------+-----
Unarmed Combat | 4 5 6 8 10 12 13 14 | 14.3
Fighting       | 3 4 5 6 7 8 |  8.9
Shields        | 4 6 |  6.2
Armour         | 1 3 |  3.0
Dodging        | |  2.4

Action                     |  1- 3 |  4- 6 |  7- 9 | 10-12 || total
---------------------------+-------+-------+-------+-------++-------
  Melee: Unarmed           |    67 |   140 |   210 |   310 ||   727
    Use: Potion            |       |       |     1 |     7 ||     8
         Scroll            |       |       |       |     1 ||     1
 Armour: Robe              |    45 |    92 |   107 |    71 ||   315
         Steam dragon scal |       |       |       |   145 ||   145
  Dodge: Dodged            |    39 |    67 |    81 |    95 ||   282
  Block: Kite shield       |       |       |       |   155 ||   155

Table legend: (Time is in decaauts)
 A = Elapsed time spent in this place.
 B = Non-inter-level travel time spent in this place.
 C = Inter-level travel time spent in this place.
 D = Time resting spent in this place.
 E = Time spent auto-exploring this place.
 F = Levels seen in this place.
 G = Mean time per level.
                   A        B        C        D        E       F      G
               +--------+--------+--------+--------+--------+-----+--------+
         Total |   8332 |   7609 |    723 |    129 |   5690 |  13 |  640.9 |
       Dungeon |   7479 |   6915 |    564 |    125 |   5502 |  10 |  747.9 |
        Temple |     56 |      5 |     51 |      0 |      0 |   1 |   56.0 |
          Lair |    273 |    165 |    108 |      0 |      0 |   1 |  273.0 |
      Gauntlet |    523 |    523 |      0 |      4 |    188 |   1 |  523.0 |
               +--------+--------+--------+--------+--------+-----+--------+

Top non-repeatable levels by time:
     D:5: 1399 daAuts
     D:8: 937 daAuts
    D:10: 745 daAuts
     D:6: 714 daAuts
     D:2: 713 daAuts
     D:9: 648 daAuts
     D:1: 640 daAuts
     D:3: 616 daAuts
     D:7: 583 daAuts
Gauntlet: 523 daAuts
     D:4: 480 daAuts
  Lair:1: 273 daAuts
  Temple: 56 daAuts
